 Dungeon Crawl Stone Soup version 0.29-a0-911-g88e6f02907 (webtiles) character file.

Game seed: 13931170901464229107

100 PimpSugar the Magician (level 4, -2/32 HPs)
             Began as a Demonspawn Hedge Wizard on July 26, 2022.
             Was a Priest of Lugonu.
             Slain by Sigmund
             ... wielding a +0 scythe
              (8 damage)
             ... on level 3 of the Dungeon.
             The game lasted 00:09:45 (3066 turns).

PimpSugar the Magician (Demonspawn Hedge Wizard)    Turns: 3066, Time: 00:09:46

Health: -2/32      AC:  4    Str: 10    XL:     4   Next: 46%
Magic:  8/9        EV: 11    Int: 18    God:    Lugonu [***...]
Gold:   54         SH:  0    Dex: 12    Spells: 7/10 levels left

rFire   . . .      SeeInvis .   a - +1 dagger
rCold   . . .      Faith    .   (no shield)
rNeg    . . .      Spirit   .   k - +0 leather armour
rPois   .          Reflect  .   c - +0 hat
rElec   .          Harm     .   (no cloak)
rCorr   .          Rampage  .   (no gloves)
Will    .....                   s - +0 pair of boots
Stlth   ++........              (no amulet)
HPRegen 0.10/turn               f - ring of wizardry
MPRegen 0.11/turn               (no ring)

@: brilliant
A: horns 2, demonic touch 1
a: Renounce Religion, Depart the Abyss, Bend Space, Banish


You were on level 3 of the Dungeon.
You worshipped Lugonu.
Lugonu was most pleased with you.
You visited 1 branch of the dungeon, and saw 3 of its levels.

You collected 105 gold pieces.
You spent 51 gold pieces at shops.

Inventory:

Hand Weapons
 a - a +1 dagger (weapon)
Missiles
 e - 25 stones
 h - a throwing net
 m - 6 javelins
Armour
 b - a +0 robe
 c - a +0 hat (worn)
 k - a +0 leather armour (worn)
 s - a +0 pair of boots (worn)
Jewellery
 f - a ring of wizardry (left hand)
Wands
 j - a wand of flame (18)
Scrolls
 n - 2 scrolls of fog
 p - a scroll of fear {unknown}
 r - a scroll of acquirement {unknown}
 t - a scroll of silence {unknown}
Potions
 d - a potion of magic
 g - a potion of brilliance
 i - a potion of haste {unknown}
 l - a potion of degeneration {unknown}
 o - a potion of mutation {unknown}
 q - a potion of attraction {unknown}


   Skills:
 + Level 1.1 Fighting
 + Level 2.2 Dodging
 - Level 1.7 Stealth
 * Level 3.5 Spellcasting
 * Level 2.3 Conjurations
 + Level 1.7 Summonings
 + Level 1.4 Translocations
 + Level 1.0 Invocations


You had 7 spell levels left.
You knew the following spells:

 Your Spells              Type           Power      Damage    Failure   Level
a - Magic Dart            Conj           68%        1d6       3%          1
b - Call Imp              Summ           13%        N/A       6%          2

Your spell library contained the following spells:

 Spells                   Type           Power      Damage    Failure   Level
 Blink                    Tloc           24%        N/A       8%          2
 Slow                     Hex            16%        N/A       9%          1
 Poisonous Vapours        Pois/Air       8%         N/A       13%         2
 Conjure Flame            Conj/Fire      10%        6-21      16%         3
 Mephitic Cloud           Conj/Pois/Air  8%         N/A       19%         3
 Corpse Rot               Necr/Pois/Air  4%         N/A       61%         4


Dungeon Overview and Level Annotations

Branches:
Dungeon (3/15)

Altars:
Lugonu

Shops:
D:2 (*:(

Annotations:
D:3 2 transporters, Caestello's ghost, amateur KoHu; Sigmund


Innate Abilities, Weirdness & Mutations

You have a pair of horns on your head.
Your touch may inflict minor irresistible damage on your foes.


Message History

You hit Sigmund but do no damage.
Sigmund is moderately wounded.
You swap places.
Sigmund hits you from afar with a +0 scythe.
Your crimson imp barely misses Sigmund.
Sigmund closely misses you.
Your crimson imp hits Sigmund.
Your crimson imp hits Sigmund.
Sigmund hits your crimson imp with a +0 scythe!
Your crimson imp hits Sigmund.
You start putting on your armour.
You continue putting on your +0 pair of boots.
Sigmund hits your crimson imp with a +0 scythe.
Your crimson imp dies!
Your crimson imp disappears in a puff of smoke!
You continue putting on your +0 pair of boots. x2
Sigmund points at you and mumbles some strange words.
The puff of flame misses you.
You continue putting on your +0 pair of boots.
You finish putting on your +0 pair of boots.
Found a smoky blue potion.
Sigmund casts a spell at you. The magic dart hits you.
Hit: a) +1 dagger
Press: ? - help, Dir - move target, f - you
Okay, then.
Aiming: Throw Flame
Press: ? - help, Shift-Dir - straight line, f - Sigmund
Aim: Sigmund, wielding a +0 scythe and wearing a +0 robe (heavily wounded, 64% to hit)
The puff of flame hits Sigmund!
Sigmund is severely wounded.
Aiming: Throw Flame
Press: ? - help, Shift-Dir - straight line, f/p - Sigmund
Aim: Sigmund, wielding a +0 scythe and wearing a +0 robe (severely wounded, 64% to hit)
The puff of flame hits Sigmund.
Sigmund is almost dead.
Sigmund hits you from afar with a +0 scythe!
* * * LOW HITPOINT WARNING * * *
You feel clever all of a sudden.
Sigmund hits you from afar with a +0 scythe!
You die...

##+## !. ##...## #.
### ##.....##
#.##.######.......#
#.#...#............
#..................
#........#########.
#.#.#..##......©##
#@# #..#8l##[##)8#
#.###..#hW##.##..#
#@.....#r...[....#
#.##..©#r...©....#
#.###..#.........#
#.# #..#..##.# #.#
#..#8.# .# #.#
#..##... #.#
#...####


You could see Sigmund.

Vanquished Creatures
  Jessica (D:2)
  A worm (D:3)
  A dart slug (D:1)
  5 bats
  An endoplasm (D:1)
  3 giant cockroaches
  8 goblins
  3 hobgoblins
  4 jackals (D:2)
  6 ball pythons
  2 frilled lizards
  6 kobolds
  9 rats
50 creatures vanquished.

Vanquished Creatures (collateral kills)
  3 orcs (D:2)
  3 endoplasms
  2 goblins (D:2)
  A jackal (D:2)
  2 quokkas (D:2)
  A rat (D:2)
12 creatures vanquished.

Vanquished Creatures (others)
  5 plants (D:1)
5 creatures vanquished.

Grand Total: 67 creatures vanquished

Notes
Turn   | Place    | Note
-------+----------+-------------------------------------------
     0 | D:1      | PimpSugar the Demonspawn Hedge Wizard began the quest for
                  | the Orb.
     0 | D:1      | Reached XP level 1. HP: 13/13 MP: 4/4
   330 | D:1      | Reached skill level 1 in Translocations
   429 | D:1      | Discovered your monstrous ancestry.
   429 | D:1      | Gained mutation: You have a pair of small horns on your
                  | head. [demonic ancestry]
   429 | D:1      | Reached XP level 2. HP: 19/19 MP: 4/6
   432 | D:1      | Learned a level 2 spell: Call Imp
   464 | D:1      | Found a faded altar of an unknown god.
   481 | D:1      | Prayed at the altar of an unknown god.
   481 | D:1      | Became a worshipper of Lugonu the Unformed
   481 | D:1      | Reached * piety under Lugonu
   481 | D:1      | Reached ** piety under Lugonu
  1597 | D:2      | Gained mutation: Your touch may inflict minor irresistible
                  | damage on your foes. [demonic ancestry]
  1597 | D:2      | Reached XP level 3. HP: 5/25 MP: 4/7
  1888 | D:2      | Noticed Jessica
  1897 | D:2      | Killed Jessica
  1898 | D:2      | Reached skill level 1 in Fighting
  1923 | D:2      | Found Reecsoto's Book Boutique.
  1992 | D:2      | Gained mutation: You have a pair of horns on your head.
                  | [demonic ancestry]
  1992 | D:2      | Reached XP level 4. HP: 32/32 MP: 3/9
  2100 | D:2      | Reached *** piety under Lugonu
  2220 | D:2      | Found Birghossa's Assorted Antiques.
  2231 | D:2      | Reached skill level 1 in Invocations
  2243 | D:2      | Bought a scroll labelled UPSOLIORONN for 27 gold pieces
  2243 | D:2      | Bought a smoky coppery potion for 24 gold pieces
  2269 | D:2      | Found Sargh's Antique Weapon Boutique.
  2450 | D:2      | Found Gawycets's Antique Weapon Shoppe.
  3020 | D:3      | Found a transporter.
  3021 | D:3      | Noticed a black bear
  3022 | D:3      | Found a transporter.
  3022 | D:3      | Noticed Caestello's ghost (amateur KoHu)
  3046 | D:3      | Noticed Sigmund
  3066 | D:3      | Slain by Sigmund

Illustrated notes

Levels and vault maps discovered:
D:1:      psy_arrival_terrarium, layout_rooms, basic_ecumenical_altar,
          serial_forest, infiniplex_forest_split, infiniplex_forest_straight_2,
          infiniplex_forest_lined_1, infiniplex_forest_lined_4_way,
          infiniplex_forest_clump_cross, infiniplex_forest_corner_1,
          infiniplex_forest_clump_tiny, infiniplex_forest_clump_medium,
          minmay_misc_feat_diagonals, minivault_26
D:2:      layout_rooms, serial_shops, shop_statue, nicolae_diamond_shop,
          nicolae_square_shop, shop_fountains, minmay_hexomino_r4, uniq_jessica
D:3:      layout_loops_corners, nicolae_wu_jian_glorious_leap,
          gammafunk_ghost_arena, portal_sewer_entry_a, uniq_sigmund

Skill      XL: |  1  2  3  4 |
---------------+-------------+-----
Translocations | 1 |  1.4
Dodging        | 2 |  2.2
Fighting       | 1 |  1.1
Conjurations   | 2 |  2.3
Invocations    | 1 |  1.0
Stealth        | |  1.7
Spellcasting   | |  3.5
Summonings     | |  1.7

Action                   |  1- 3 |  4- 6 || total
-------------------------+-------+-------++-------
Melee: Dagger            |    83 |    34 ||   117
       Headbutt          |    14 |     8 ||    22
       Punch             |     1 |       ||     1
       Touch             |     2 |     8 ||    10
 Cast: Magic Dart        |    29 |    11 ||    40
       Call Imp          |     6 |     9 ||    15
Evoke: Wand              |       |     2 ||     2
  Use: Scroll            |     3 |     3 ||     6
       Potion            |       |     1 ||     1
 Stab: Sleeping          |     1 |     1 ||     2
Armor: Robe              |     9 |       ||     9
       Leather armour    |       |    25 ||    25
Dodge: Dodged            |    46 |    38 ||    84

Table legend: (Time is in decaauts)
 A = Elapsed time spent in this place.
 B = Non-inter-level travel time spent in this place.
 C = Inter-level travel time spent in this place.
 D = Time resting spent in this place.
 E = Time spent auto-exploring this place.
 F = Levels seen in this place.
 G = Mean time per level.
                   A        B        C        D        E       F      G
               +--------+--------+--------+--------+--------+-----+--------+
         Total |   3065 |   2949 |    116 |    621 |   1582 |   3 | 1021.7 |
       Dungeon |   3065 |   2949 |    116 |    621 |   1582 |   3 | 1021.7 |
               +--------+--------+--------+--------+--------+-----+--------+

Top non-repeatable levels by time:
     D:1: 1580 daAuts
     D:2: 991 daAuts
     D:3: 492 daAuts
